 Dungeon Crawl Stone Soup version 0.18-a0-1372-gd644665 (webtiles) character file.

221 M4edhros the Insei (level 5, -1/36 HPs)
             Began as an Octopode Monk on Feb 21, 2016.
             Was a Priest of Zin.
             Slain by a hound skeleton (4 damage)
             ... on level 4 of the Dungeon.
             The game lasted 00:03:38 (2277 turns).

M4edhros the Insei (Octopode Monk)                  Turns: 2277, Time: 00:03:38

Health: -1/36      AC:  1    Str: 16    XL:     5   Next: 98%
Magic:  6/6        EV: 19    Int: 17    God:    Zin [***...]
Gold:   124        SH:  0    Dex: 20    Spells: 0 memorised, 4 levels left

rFire  . . .     SeeInvis .       - Unarmed
rCold  . . .     Gourm    .     (no shield)
rNeg   . . .     Faith    .     (helmet restricted)
rPois  +         Spirit   .     (no amulet)
rElec  .         Dismiss  .     u - ring of poison resistance
rCorr  .         Reflect  .     (no ring)
SustAt .         Harm     .     (no ring)
MR     .....                    (no ring)
Stlth  +++++.....               (no ring)
                                (no ring)
                                (no ring)
                                (no ring)

@: mighty, brilliant, agile, not resistant to hostile enchantments, quite
stealthy
A: almost no armour, amphibious, 8 rings, constrict 8, camouflage 1, gelatinous
body 1
a: Recite, Vitalisation, Imprison, Donate Gold, Renounce Religion


You were on level 4 of the Dungeon.
You worshipped Zin.
Zin was most pleased with you.
You were not hungry.

You visited 1 branch of the dungeon, and saw 4 of its levels.

You collected 137 gold pieces.
You donated 13 gold pieces to Zin.

Inventory:

Hand Weapons
 k - a +0 hunting sling
Missiles
 g - 36 sling bullets
 l - 46 stones (quivered)
Jewellery
 u - a ring of poison resistance (left tentacle)
Wands
 b - a wand of polymorph (11/24)
Scrolls
 c - a scroll of enchant weapon {unknown}
 d - 2 scrolls of recharging {unknown}
 e - a scroll of magic mapping {unknown}
 f - 4 scrolls of identify {unknown}
 m - a scroll of random uselessness {unknown}
 n - a scroll of blinking {unknown}
 q - 2 scrolls of remove curse {unknown}
 s - 2 scrolls of teleportation {unknown}
Potions
 t - 2 potions of flight {unknown}
Comestibles
 a - 2 bread rations
 i - a meat ration
 p - a beef jerky


   Skills:
 - Level 3.0 Fighting
 + Level 3.4 Dodging
 - Level 2.6 Stealth
 * Level 6.5 Unarmed Combat
 + Level 1.5 Invocations


You had 4 spell levels left.
You didn't know any spells.

Dungeon Overview and Level Annotations

Branches:
Dungeon (4/15)
 Temple: D:4-7

Altars:
Cheibriados
Zin


Innate Abilities, Weirdness & Mutations

You cannot wear most types of armour.
You are amphibious.
You can wear up to eight rings at the same time.
You can use your tentacles to constrict eight enemies at once.
Your skin changes colour to match your surroundings (Stealth).
Your rubbery body absorbs attacks (AC +1).


Message History

The hound skeleton closely misses you. The hound bites you but does no damage.
The hound skeleton bites you but does no damage.
Drink which item? (? for menu, Esc to quit)
You feel agile all of a sudden. The hound skeleton misses you.
Read which item? (? for menu, Esc to quit)
Okay, then.
Drink which item? (? for menu, Esc to quit)
It was a potion of might.
You feel very mighty all of a sudden. The hound skeleton closely misses you.
Drink which item? (? for menu, Esc to quit)
It was a potion of brilliance.
You feel clever all of a sudden. The hound skeleton closely misses you.
The hound skeleton completely misses you.
Drink which item? (? for menu, Esc to quit)
It was a potion of magic.
Magic courses through your body. The hound skeleton bites you.
You die...

# .## ..
......###.#
..........
.....#..
#...#.#
#..#@#
#..#Z#####
#..lh....#
#.)......#
#.....[..#
#.#<.....#
#.##.....#
# ##....#
....#


You could see a hound, a giant newt and a hound skeleton.

Vanquished Creatures
  An ogre (D:4)
  3 adders
  2 oozes (D:3)
  2 worms (D:2)
  A giant gecko (D:2)
  7 orcs (D:3)
  2 ball pythons
  4 giant cockroaches
  15 hobgoblins
  5 jackals (D:2)
  5 kobolds
  A quokka (D:3)
  8 bats
  3 giant newts (D:2)
  15 goblins
  6 rats
80 creatures vanquished.

Notes
Turn   | Place    | Note
--------------------------------------------------------------
     0 | D:1      | M4edhros the Octopode Monk began the quest for the Orb.
     0 | D:1      | Reached XP level 1. HP: 16/16 MP: 1/1
   110 | D:1      | Reached XP level 2. HP: 21/21 MP: 2/2
   437 | D:1      | Reached XP level 3. HP: 19/26 MP: 3/3
   603 | D:2      | Reached skill level 5 in Unarmed Combat
   918 | D:2      | Reached XP level 4. HP: 27/31 MP: 4/4
   989 | D:2      | Found a snail-covered altar of Cheibriados.
  1353 | D:3      | Reached skill level 6 in Unarmed Combat
  1583 | D:3      | Found a glowing silver altar of Zin.
  1589 | D:3      | Became a worshipper of Zin the Law-Giver
  1589 | D:3      | Reached * piety under Zin
  1589 | D:3      | Reached ** piety under Zin
  1733 | D:3      | Reached XP level 5. HP: 30/36 MP: 5/5
  2158 | D:3      | Reached *** piety under Zin
  2263 | D:4      | Noticed an ogre
  2270 | D:4      | Killed an ogre
  2270 | D:4      | Reached skill level 1 in Invocations
  2277 | D:4      | Slain by a hound skeleton

Vault maps used:
D:1:      eino_arrival_cavern_d
D:2:      cheibriados_altar_1
D:3:      zin_scriptorium, corexii_leaking_fountain, minmay_tree_intersection,
          eino_tiny_chamber
D:4:      first_bread, uniq_pikel, uniq_edmund, uniq_duvessa

Action                   |  1- 3 |  4- 6 || total
-------------------------+-------+-------++-------
Melee: Unarmed           |    79 |    80 ||   159
 Fire: Hunting sling     |       |    14 ||    14
  Use: Potion            |       |     6 ||     6
 Stab: Sleeping          |     8 |     6 ||    14
  Eat: Chunk             |       |     1 ||     1
       Meat ration       |       |     1 ||     1
